 Dungeon Crawl Stone Soup version 0.30-b1-2-g02819fbbbe (webtiles) character file.

Game seed: 18104882241388366781

291 Anothat the Shooter (level 6, 0/70 HPs)
             Began as a Demonspawn Hunter on May 7, 2023.
             Killed from afar by an orc wizard (6 damage)
             ... with a magic dart
             ... on level 4 of the Dungeon.
             The game lasted 00:02:33 (1971 turns).

Anothat the Shooter (Demonspawn Hunter)             Turns: 1971, Time: 00:02:34

Health: 0/70       AC:  3    Str: 11    XL:     6   Next: 10%
Magic:  6/6        EV: 13    Int: 11    God:
Gold:   80         SH:  0    Dex: 18    Spells: 5/5 levels left

rFire   . . .        a - +1 shortbow
rCold   . . .        (shield currently unavailable)
rNeg    . . .        c - +0 leather armour
rPois   .            (helmet restricted)
rElec   .            (no cloak)
rCorr   .            (no gloves)
SInv    .            (no boots)
Will    .....        (no amulet) Stlth
                     (no ring)
HPRegen 0.31/turn    (no ring)
MPRegen 0.10/turn

%: no passive effects
@: confused, berserking, very quick
A: horns 1, powered by pain 1, weakness stinger 1, demonic touch 1
a: no special abilities


You were on level 4 of the Dungeon.
You visited 1 branch of the dungeon, and saw 4 of its levels.

You collected 80 gold pieces.

Inventory:

Hand Weapons
 a - a +1 shortbow (weapon)
Armour
 c - a +0 leather armour (worn)
 f - a +0 helmet
 h - a +0 ring mail
Wands
 g - a wand of polymorph (6)
 m - a wand of iceblast (8)
Scrolls
 b - a scroll of immolation
 d - 3 scrolls of poison
 k - a scroll of amnesia
 o - a scroll of fog
Potions
 j - 3 potions of attraction


   Skills:
 + Level 3.6 Fighting
 + Level 4.6 Ranged Weapons
 + Level 3.2 Dodging
 + Level 3.0 Stealth


You had 5 spell levels left.
You didn't know any spells.
Your spell library contained the following spells:

 Spells                   Type           Power      Damage    Failure   Level
 Magic Dart               Conj           0%         1d3       43%         1
 Searing Ray              Conj           0%         2d4       56%         2
 Stone Arrow              Conj/Erth      0%         3d7       80%         3
 Animate Armour           Summ/Erth      0%         N/A       99%         4
 Fulminant Prism          Conj/Hex       0%         3d5       99%         4
 Lehudib's Crystal Spear  Conj/Erth      0%         10d2      100%        8


Dungeon Overview and Level Annotations

Branches:
Dungeon (4/15)
 Temple: D:4-7

Altars:


Innate Abilities, Weirdness & Mutations

You have a pair of small horns on your head.
You sometimes gain a little power by taking damage.
You have a small tail.
Your touch may inflict minor irresistible damage on your foes.


Message History

You shoot an arrow.
You hear some strange, mumbled words.
You are confused.
Something barely misses you.
You miss something. You headbutt something.
Your tail-slap misses something.
You hear some strange, mumbled words.
You are more confused.
Something hits you but does no damage. Something hits you. x2
You completely miss something. Your headbutt misses something.
You hear some strange, mumbled words.
Something tries to affect you, but you resist.
Something hits you.
You barely miss something. You headbutt something. Something hits you.
You clumsily bash something but do no damage.
Your headbutt misses something.
You hear some strange, mumbled words.
You are more confused.
You hear some strange, mumbled words.
A puff of flame appears from out of thin air!
The puff of flame hits you!
* * * LOW HITPOINT WARNING * * *
You're too confused to move!
Something hits you.
* * * LOW HITPOINT WARNING * * *
You hear some strange, mumbled words.
Something tries to affect you, but you resist.
Something hits you.
* * * LOW HITPOINT WARNING * * *
Something hits you.
* * * LOW HITPOINT WARNING * * *
It was a potion of berserk rage.
A red film seems to cover your vision as you go berserk!
You feel yourself moving faster!
You feel mighty! Something hits you.
* * * LOW HITPOINT WARNING * * *
Something barely misses you.
You miss something. Something hits you.
* * * LOW HITPOINT WARNING * * *
You hear some strange, mumbled words.
A magic dart appears from out of thin air!
The magic dart hits you.
You die...

.#....)†...#......#
.#....#....#......#
########...#......#
.###..##...#......# .
.>.........#......# ..
...........#......# ...
####..##...'......#####
.... ##..##...#......#...#
....#
#........#....@.#...#.....#
#........#....{{#...'.....#
#........#......')..#.....#
#........#......#...#.....#
#..#######......###.# ....#
#### #....#####.#######
#....+.......#
#[...#.......#
#....#.......#


There were no monsters in sight!

Vanquished Creatures
  Grinder (D:3)
  Ijyb (D:4)
  An adder (D:3)
  A worm (D:3)
  A dart slug (D:1)
  An orc (D:4)
  3 endoplasms
  3 giant cockroaches
  8 goblins
  6 hobgoblins
  2 jackals (D:4)
  5 kobolds
  5 quokkas
  4 ball pythons (D:1)
  A bat (D:1)
  3 frilled lizards
  5 rats
51 creatures vanquished.

Notes
Turn   | Place    | Note
-------+----------+-------------------------------------------
     0 | D:1      | Anothat the Demonspawn Hunter began the quest for the Orb.
     0 | D:1      | Reached XP level 1. HP: 16/16 MP: 1/1
    43 | D:1      | Reached skill level 1 in Stealth
   202 | D:1      | Gained mutation: You sometimes gain a little power by
                  | taking damage. [demonic ancestry]
   202 | D:1      | Reached XP level 2. HP: 22/22 MP: 2/2
   658 | D:2      | Discovered your monstrous ancestry.
   658 | D:2      | Gained mutation: Your touch may inflict minor irresistible
                  | damage on your foes. [demonic ancestry]
   658 | D:2      | Reached XP level 3. HP: 23/28 MP: 3/3
   810 | D:2      | You fall into a shaft and drop 1 floor!
   900 | D:3      | Noticed Grinder
   910 | D:3      | Killed Grinder
   911 | D:3      | Reached skill level 4 in Ranged Weapons
   911 | D:3      | Reached XP level 4. HP: 20/35 MP: 4/4
   911 | D:3      | Gained mutation: You have a small tail. [demonic ancestry]
   911 | D:3      | Reached XP level 5. HP: 23/41 MP: 5/5
   969 | D:3      | Identified the +8 quarterstaff of the King {freeze, rN+}
  1853 | D:4      | Noticed Ijyb
  1864 | D:4      | Killed Ijyb
  1865 | D:4      | Gained mutation: You have a pair of small horns on your
                  | head. [demonic ancestry]
  1865 | D:4      | Reached XP level 6. HP: 44/47 MP: 6/6
  1971 | D:4      | Killed from afar by an orc wizard

Illustrated notes

Levels and vault maps discovered:
D:1:      saegor_arrival_simple_e, layout_loops_cross
D:2:      cheibrodos_helix_gallery, layout_basic, basic_altar,
          basic_ecumenical_altar, uniq_robin
D:3:      layout_basic, uniq_grinder
D:4:      layout_gridville, uniq_edmund, uniq_ijyb, uniq_eustachio

Skill      XL: |  1  2  3  4  5 |
---------------+----------------+-----
Stealth        | 1 2 3 |  3.0
Dodging        | 2 3 |  3.2
Fighting       | 3 |  3.6
Ranged Weapons | 4 |  4.6

Action                     |  1- 3 |  4- 6 || total
---------------------------+-------+-------++-------
  Melee: Shortbow          |       |     6 ||     6
         Headbutt          |       |     3 ||     3
   Fire: Shortbow          |    84 |    56 ||   140
    Use: Scroll            |       |     8 ||     8
         Potion            |       |     1 ||     1
 Armour: Leather armour    |    14 |     7 ||    21
  Dodge: Dodged            |    28 |    29 ||    57
